 Dungeon Crawl Stone Soup version 0.19-a0-1792-g28b16ba (webtiles) character file.

756 TheGoonsmith the Conjurer (level 7, 0/45 HPs)
             Began as a Grey Draconian Conjurer on Oct 4, 2016.
             Was a Follower of Hepliaklqana.
             Succumbed to a worker ant's poison
             ... on level 4 of the Dungeon.
             The game lasted 00:10:10 (4285 turns).

TheGoonsmith the Conjurer (Grey Draconian Conjurer) Turns: 4285, Time: 00:10:10

Health: 0/45       AC: 11    Str: 11    XL:     7   Next: 50%
Magic:  14/14      EV: 12    Int: 17    God:    Hepliaklqana [*.....]
Gold:   252        SH:  0    Dex: 13    Spells: 3 memorised, 7 levels left

rFire  . . .     SeeInvis .     n - +1 morningstar
rCold  . . .     Gourm    .     (armour unavailable)
rNeg   . . .     Faith    .     (no shield)
rPois  .         Spirit   .     (helmet restricted)
rElec  .         Dismiss  .     (no cloak)
rCorr  .         Reflect  .     (no gloves)
MR     +....     Harm     .     (no boots)
Stlth  ++........ Rnd*Rage +    (no amulet)
                                (no ring)
                                (no ring)

@: lethally poisoned (0 -> -2)
A: walk through water, unfitting armour, reduced essence, agile 1, berserk 1,
magic resistance 1, unbreathing, cold-blooded, AC +11
a: Recall Ancestor, Ancestor Identity, Renounce Religion


You were on level 4 of the Dungeon.
You worshipped Hepliaklqana.
Hepliaklqana was aware of your devotion.
You were not hungry.

You visited 1 branch of the dungeon, and saw 4 of its levels.

You collected 252 gold pieces.

Inventory:

Hand Weapons
 e - a +0 dagger
 h - a +1 dagger of speed
 n - a +1 morningstar (weapon)
Magical Staves
 l - an uncursed staff of air
Jewellery
 d - a cursed ring of loudness {unknown}
 i - an uncursed ring of ice {unknown}
Scrolls
 g - a scroll of teleportation
 j - a scroll of remove curse
 m - a scroll of enchant weapon
 r - 2 scrolls of identify
Potions
 c - a potion of cancellation
Books
 a - a book of Conjurations

   Spells                             Type                      Level
   a - Magic Dart                     Conjuration                  1
   b - Searing Ray                    Conjuration                  2
   c - Dazzling Spray                 Conjuration/Hexes            3
   d - Fulminant Prism                Conjuration/Hexes            4
   e - Iskenderun's Mystic Blast      Conjuration                  4
   f - Iskenderun's Battlesphere      Conjuration/Charms           5
Comestibles
 b - 3 bread rations
 f - 2 chunks of flesh
 k - a fruit
 o - 2 meat rations


   Skills:
 - Level 1.7 Dodging
 - Level 1.7 Stealth
 + Level 4.8 Spellcasting
 + Level 7.6 Conjurations
 + Level 1.5 Charms


You had 7 spell levels left.
You knew the following spells:

 Your Spells              Type           Power        Failure   Level  Hunger
a - Magic Dart            Conj           ####         1%          1    None
b - Searing Ray           Conj           ####..       1%          2    #......
z - Iskenderun's Battles  Conj/Chrm      ###.....     71%         5    ######.


Dungeon Overview and Level Annotations

Branches:
Dungeon (4/15)
 Temple: D:4-7

Altars:
Ashenzari
Gozag
Hepliaklqana
Makhleb
Nemelex Xobeh
Ru
Trog
Xom
Zin


Innate Abilities, Weirdness & Mutations

You can walk through water.
Your dull iron-grey scales are very hard. (AC +11)
You cannot fit into any form of body armour.
You can survive without breathing.
You are cold-blooded and may be slowed by cold attacks.
Your life essence is reduced. (-10% HP)
You are agile. (Dex +2)
You tend to lose your temper in combat.
You are resistant to hostile enchantments. (MR+)


Message History

* * * LOW HITPOINT WARNING * * *
You feel sick.
* * * LOW HITPOINT WARNING * * *
You feel sick.
* * * LOW HITPOINT WARNING * * *
You feel sick.
Publius hits the worker ant.
The worker ant bites Publius.
Publius hits the worker ant.
The worker ant dies!
* * * LOW HITPOINT WARNING * * *
You feel sick.
* * * LOW HITPOINT WARNING * * *
You feel sick.
* * * LOW HITPOINT WARNING * * *
You feel sick.
* * * LOW HITPOINT WARNING * * *
You feel sick.
You see here a robe.
* * * LOW HITPOINT WARNING * * *
You feel sick.
You die...

.# #...#.#.# .##
###.#.#.#.# ..#
#...#.....#
..###.####.#..#
......####....#####
..................#
...#########).....##
...#########.......#
†.........[..R..@#..#
##..############......#
###.####### ####.#.#
#.........# ..
#.........# ##
....<.....# #.........#
###########


You could see the friendly Publius the ancestor.

Vanquished Creatures
  Grinder (D:3)
  A phantom (D:4)
  A scorpion (D:4)
  An orc priest (D:3)
  Terence (D:3)
  Natasha (twice) (D:3)
  A worker ant (D:4)
  2 adders
  2 worms
  5 dart slugs
  3 leopard geckos
  10 orcs
  9 bats
  A giant cockroach (D:3)
  20 goblins
  5 hobgoblins
  3 jackals (D:1)
  4 kobolds (D:2)
  A quokka (D:1)
  3 ball pythons
  7 frilled lizards
  8 rats
91 creatures vanquished.

Vanquished Creatures (collateral kills)
  A hound (D:4)
  Natasha (D:3)
  A worker ant (D:4)
  A hound skeleton (D:4)
  Robin (D:3)
  4 adders (D:3)
  An orc (D:3)
  A bat (D:3)
  A giant cockroach (D:3)
  A goblin (D:3)
  A quokka skeleton (D:4)
14 creatures vanquished.

Vanquished Creatures (others)
  3 ancestors (D:3)
3 creatures vanquished.

Grand Total: 108 creatures vanquished

Notes
Turn   | Place    | Note
-------+----------+-------------------------------------------
     0 | D:1      | TheGoonsmith the Draconian Conjurer began the quest for the Orb.
     0 | D:1      | Reached XP level 1. HP: 14/14 MP: 3/3
   266 | D:1      | Reached XP level 2. HP: 20/20 MP: 3/5
  1218 | D:2      | Learned a level 2 spell: Searing Ray
  1245 | D:2      | Reached XP level 3. HP: 26/26 MP: 3/6
  1311 | D:2      | Found a faded altar of an unknown god.
  1674 | D:2      | Reached skill level 5 in Conjurations
  2040 | D:3      | Noticed Terence
  2040 | D:3      | Noticed Natasha
  2140 | D:3      | Found a shimmering altar of Xom.
  2141 | D:3      | Found a hazy altar of Hepliaklqana.
  2141 | D:3      | Noticed a wyvern
  2144 | D:3      | Noticed a spectral ugly thing
  2144 | D:3      | Noticed a wyvern
  2187 | D:3      | Became a worshipper of Hepliaklqana the Forgotten
  2198 | D:3      | Reached XP level 4. HP: 28/29 MP: 2/8
  2598 | D:3      | Killed Natasha
  2599 | D:3      | Killed Terence
  2599 | D:3      | Reached XP level 5. HP: 9/34 MP: 4/9
  2703 | D:3      | Noticed Natasha
  2714 | D:3      | Killed Natasha
  2831 | D:3      | Noticed Grinder
  2835 | D:3      | Paralysed by Grinder for 5 turns
  2844 | D:3      | Paralysed by Grinder for 3 turns
  2865 | D:3      | Gained mutation: You are resistant to hostile enchantments. (MR+) [potion of mutation]
  2865 | D:3      | Gained mutation: You are agile. (Dex +2) [potion of mutation]
  2865 | D:3      | Gained mutation: You tend to lose your temper in combat. [potion of mutation]
  2866 | D:3      | Paralysed by Grinder for 4 turns
  2870 | D:3      | Killed Grinder
  2870 | D:3      | Reached skill level 6 in Conjurations
  2870 | D:3      | Reached XP level 6. HP: 5/40 MP: 1/12
  3104 | D:3      | Noticed Natasha
  3112 | D:3      | Killed Natasha
  3166 | D:3      | Found a sparkling altar of Nemelex Xobeh.
  3166 | D:3      | Found a sacrificial altar of Ru.
  3195 | D:3      | Found an opulent altar of Gozag.
  3196 | D:3      | Found a glowing silver altar of Zin.
  3262 | D:3      | Reached skill level 7 in Conjurations
  3293 | D:3      | Noticed Robin
  3304 | D:3      | Killed Robin
  3594 | D:3      | Found a shattered altar of Ashenzari.
  3595 | D:3      | Found a burning altar of Makhleb.
  3764 | D:3      | Found a bloodstained altar of Trog.
  3970 | D:4      | Your scales start taking on a dull iron-grey colour.
  3970 | D:4      | Reached XP level 7. HP: 42/45 MP: 9/13
  3970 | D:4      | Gained mutation: You can survive without breathing. [Grey Draconian growth]
  3994 | D:4      | Learned a level 5 spell: Iskenderun's Battlesphere
  4104 | D:4      | Reached skill level 1 in Charms
  4220 | D:4      | Reached * piety under Hepliaklqana
  4276 | D:4      | HP: 2/45 [poisoned by a worker ant]
  4281 | D:4      | HP: 1/45 [poisoned by a worker ant]
  4285 | D:4      | Succumbed to a worker ant's poison

Vault maps used:
D:1:      sevenhm_arrival_forest_fort_small_5
D:2:      ecumenical_altar_1
D:3:      regret_index_temple_of_mockery, grunt_temple_overflow_gold_and_silver,
          grunt_temple_overflow_open, gammafunk_temple_overflow_wave,
          uniq_grinder, uniq_robin, uniq_terence, uniq_natasha
D:4:      first_bread

Skill      XL: |  1  2  3  4  5  6  7 |
---------------+----------------------+-----
Conjurations   | 5 6 7 |  7.6
Spellcasting   | 3 4 |  4.8
Charms         | 1 |  1.5
Dodging        | |  1.7
Stealth        | |  1.7

Action                   |  1- 3 |  4- 6 |  7- 9 || total
-------------------------+-------+-------+-------++-------
Melee: Unarmed           |     3 |       |       ||     3
       Dagger            |    22 |    27 |       ||    49
       Tailslap          |     3 |     7 |     4 ||    14
       Morningstar       |       |    34 |    21 ||    55
 Cast: Magic Dart        |    93 |    69 |    14 ||   176
       Searing Ray       |       |     7 |     1 ||     8
  Use: Potion            |       |     3 |       ||     3
       Scroll            |       |     7 |       ||     7
 Stab: Sleeping          |     1 |     1 |       ||     2
  Eat: Chunk             |     5 |     7 |     1 ||    13
Armor: Skin              |    10 |    45 |     8 ||    63
Dodge: Dodged            |    25 |    68 |    14 ||   107
